 Dungeon Crawl Stone Soup version 0.31-a0-232-gb1c03b2570 (webtiles) character file.

Game seed: 734870644931936391

42 qw the Shooter (level 3, -1/21 HPs)
             Began as a Gargoyle Hexslinger on July 6, 2023.
             Slain by a phantom (3 damage)
             ... on level 2 of the Dungeon.
             The game lasted 00:00:29 (1008 turns).

qw the Shooter (Gargoyle Hexslinger)                Turns: 1008, Time: 00:00:30

Health: -1/21      AC:  8    Str: 11    XL:     3   Next: 54%
Magic:  4/4        EV: 10    Int: 13    God:
Gold:   62         SH:  0    Dex: 14    Spells: 3/4 levels left

rFire   . . .        Y - +1 sling
rCold   . . .        (no shield)
rNeg    + . .        d - +0 ring mail
rPois   inf          (no helmet)
rElec   +            (no cloak)
rCorr   .            (no gloves)
SInv    .            (no boots)
Will    .....        (no amulet)
Stlth   +            (no ring)
HPRegen 0.23/turn    (no ring)
MPRegen 0.09/turn

%: no passive effects
@: no status effects
A: sickness immunity, AC +3, negative energy resistance 1, electricity
resistance, torment resistance 1, petrification resistance
a: no special abilities


You were on level 2 of the Dungeon.
You visited 1 branch of the dungeon, and saw 2 of its levels.

You collected 62 gold pieces.


Innate Abilities, Weirdness & Mutations

You are immune to sickness and miasma.
Your stone body is resilient. (AC +3)
You are immune to poison.
You resist negative energy. (rN+)
You are resistant to electric shocks. (rElec)
You are resistant to unholy torment.
You are immune to petrification.


   Skills:
 - Level 2.0 Fighting
 + Level 3.4 Ranged Weapons
 - Level 1.5 Dodging
 - Level 1.0 Spellcasting
 - Level 2.6 Hexes


You had 3 spell levels left.
You knew the following spells:

 Your Spells              Type           Power      Damage    Failure   Level
a - Slow                  Hex            28%        N/A       22%         1

Your spell library contained the following spells:

 Spells                   Type           Power      Damage    Failure   Level
 Inner Flame              Hex/Fire       4%         N/A       75%         3
 Portal Projectile        Hex/Tloc       8%         N/A       75%         3
 Cause Fear               Hex            3%         N/A       92%         4

Inventory:

Hand Weapons
 Y - a +1 sling (weapon)
Armour
 a - a +2 cloak
 d - a +0 ring mail (worn)
Jewellery
 b - a ring of magical power
Scrolls
 c - a scroll of silence {unknown}
Potions
 e - a potion of degeneration {unknown}

Dungeon Overview and Level Annotations

Branches:
Dungeon (2/15)

Altars:


Message History

Enter note:
Enter note:
Enter note:
Enter note:
Enter note:
Enter note:
Enter note:
Enter note:
Enter note: You shoot a sling bullet.
The sling bullet completely misses the phantom.
The sling bullet hits the bat.
You kill the bat!
The phantom hits you.
You shoot a sling bullet. The sling bullet misses the phantom.
The phantom hits you.
You shoot a sling bullet.
The sling bullet hits the phantom but does no damage.
The phantom closely misses you. The phantom barely misses you.
You shoot a sling bullet. The sling bullet hits the phantom.
The phantom is lightly damaged.
The phantom barely misses you.
You shoot a sling bullet.
The sling bullet closely misses the phantom.
The phantom hits you.
The phantom blinks!
You blink.
The phantom closely misses you.
You shoot a sling bullet. The sling bullet hits the phantom.
The phantom is lightly damaged.
The phantom hits you but does no damage.
You shoot a sling bullet.
The sling bullet hits the phantom but does no damage.
The phantom is lightly damaged.
The phantom hits you.
The phantom blinks!
You blink.
You shoot a sling bullet.
The sling bullet closely misses the phantom.
The phantom hits you but does no damage. x2
You shoot a sling bullet.
The sling bullet barely misses the phantom.
The phantom hits you.
You die...

.......# #........
.......# #.######+###
#........ .......#
#..........# #........
.......####..........#
#........
..........).%........##
#######.#
##<#'######...........#
####.# #.#.#
#.........# #..%.#
##'#'## #.....W...#
#.#### #.%...#
#.....@...# .. #
#.....#
#................
#.....#
#ยค..............
'.....# #..............
. #.....#
#............. .
#.....# ########......
#.....# ...... #.....#
..(... .....##


You could see a phantom.

Vanquished Creatures
  A worm (D:2)
  8 bats
  3 endoplasms (D:1)
  7 goblins
  2 hobgoblins
  2 jackals (D:1)
  A quokka (D:1)
  6 ball pythons
  A frilled lizard (D:1)
  2 kobolds
  2 rats
35 creatures vanquished.

Notes
Turn   | Place    | Note
-------+----------+-------------------------------------------
     0 | D:1      | qw the Gargoyle Hexslinger began the quest for the Orb.
     0 | D:1      | Reached XP level 1. HP: 12/12 MP: 2/2
     0 | D:1      | 0 ||| qw: Version: 0.3-a-46-gb1f654a
     0 | D:1      | 0 ||| qw: Game counter: 2062
     0 | D:1      | 0 ||| qw: Melee chars always use a shield: true
     0 | D:1      | 0 ||| qw: God list: Okawaru
     0 | D:1      | 0 ||| qw: Allow faded altars: false
     0 | D:1      | 0 ||| qw: Do Orc after clearing Dungeon:15 true
     0 | D:1      | 0 ||| qw: Do second Lair branch before Depths: true
     0 | D:1      | 0 ||| qw: Lair rune preference: random
     0 | D:1      | 0 ||| qw: Goals: Normal
     0 | D:1      | 0 ||| PLANNING D:1-11
   126 | D:1      | Reached XP level 2. HP: 11/16 MP: 3/3
   373 | D:1      | Reached skill level 3 in Ranged Weapons
   675 | D:1      | 675 ||| UPGRADING to +0 ring mail.
   685 | D:1      | 685 ||| DROPPING +0 robe.
   686 | D:1      | 686 ||| READING scroll labelled TEIKOG EPOIBROGOBB.
   687 | D:1      | 687 ||| READING scroll labelled WIPHAR OLORRIP.
   688 | D:1      | 688 ||| DROPPING scroll of poison.
   741 | D:2      | Reached XP level 3. HP: 20/21 MP: 4/4
   991 | D:2      | Noticed a phantom
  1001 | D:2      | HP: 3/21 [phantom (3)]
  1006 | D:2      | HP: 1/21 [phantom (1)]
  1008 | D:2      | Slain by a phantom

Levels and vault maps discovered:
D:1:      erik_arrival_cave_to_civilisation [erik_arrival_cave_to_hall],
          layout_basic
D:2:      layout_basic

Skill      XL: |  1  2 |
---------------+-------+-----
Ranged Weapons | 3 |  3.4
Fighting       | 2 |  2.0
Dodging        | |  1.5
Spellcasting   | |  1.0
Hexes          | |  2.6

Action                     || total
---------------------------++-------
   Fire: Sling             ||   124
    Use: Scroll            ||     2
 Armour: Robe              ||    14
         Ring mail         ||    13
  Dodge: Dodged            ||    36

Table legend:
 A = Non-vault XP
 B = Vault XP
 C = Vault XP percentage of total XP
 D = Non-vault monster count
 E = Vault monster count
 F = Vault count percentage of total count
                 A         B        C        D         E       F
            +---------+---------+-------+---------+---------+-------
      Total |      56 |       4 |   6.7 |      33 |       2 |   5.7
            +---------+---------+-------+---------+---------+-------
        D:1 |      28 |       4 |  12.5 |      18 |       2 |  10.0
        D:2 |      28 |       0 |   0.0 |      15 |       0 |   0.0
            +---------+---------+-------+---------+---------+-------
